 Dungeon Crawl Stone Soup version 0.19.1-1-g22dce08 (webtiles) character file.

523 Alarkh the Cleaver (level 7, 48/57 HPs)
             Began as a Mottled Draconian Monk on Jan 18, 2017.
             Quit the game on level 3 of the Dungeon.
             The game lasted 00:04:44 (3306 turns).

Alarkh the Cleaver (Mottled Draconian Monk)         Turns: 3306, Time: 00:04:44

Health: 48/57      AC:  7    Str: 13    XL:     7   Next: 2%
Magic:  7/7        EV: 13    Int: 12    God:
Gold:   95         SH:  2    Dex: 14    Spells: 0 memorised, 6 levels left

rFire  . . .     SeeInvis .     a - +0 hand axe
rCold  . . .     Gourm    .     (armour unavailable)
rNeg   . . .     Faith    .     (no shield)
rPois  .         Spirit   .     (helmet restricted)
rElec  .         Reflect  +     (no cloak)
rCorr  .         Harm     .     (no gloves)
MR     .....                    q - +0 pair of boots
Stlth  ++........               m - +2 amulet of reflection
                                (no ring)
                                (no ring)

@: short of breath
A: breathe sticky flame splash, unfitting armour, cold-blooded, AC +6
a: Breathe Sticky Flame


You were on level 3 of the Dungeon.
You were not hungry.

You visited 1 branch of the dungeon, and saw 3 of its levels.

You collected 95 gold pieces.

Inventory:

Hand Weapons
 a - a +0 hand axe (weapon)
Armour
 q - a +0 pair of boots (worn)
Jewellery
 m - a +2 amulet of reflection (around neck)
Wands
 p - a wand of iceblast (0/15)
Scrolls
 c - 2 scrolls of remove curse
 d - a scroll of fog
 e - a scroll of identify
 g - a scroll of random uselessness
 o - a scroll of fear
 r - a scroll of recharging {unknown}
 s - a scroll of enchant weapon {unknown}
Potions
 f - a potion of magic
 h - a potion of mutation
 i - a potion of haste {unknown}
 l - a potion of degeneration {unknown}
 n - a potion of flight {unknown}
Comestibles
 b - a bread ration
 j - a beef jerky
 k - 2 meat rations
 t - a chunk of flesh


   Skills:
 - Level 3.2 Fighting
 + Level 8.0 Axes
 - Level 2.6 Dodging
 - Level 1.7 Stealth


You had 6 spell levels left.
You didn't know any spells.

Dungeon Overview and Level Annotations

Branches:
Dungeon (3/15)

Altars:
Cheibriados
Dithmenos
Ru
Zin


Innate Abilities, Weirdness & Mutations

You can spit globs of burning liquid.
You can ignite nearby creatures when you spit burning liquid.
Your weird mottled scales are hard. (AC +6)
You cannot fit into any form of body armour.
You are cold-blooded and may be slowed by cold attacks.


Message History

Your scales start taking on a weird mottled colour.
You learn Fire Magic quicker.
You can spit globs of burning liquid.
You can ignite nearby creatures when you spit burning liquid.
Press: ? - help, Shift-Dir - straight line, f - gnoll
Aim: a gnoll, wielding a flail and wearing a robe You spit a glob of burning liquid.
The splash of liquid fire hits the gnoll.
The gnoll is lightly wounded.
The gnoll is covered in liquid flames!
You feel somewhat more hungry.
The gnoll burns!
The gnoll closely misses you.
You hit the gnoll but do no damage.
The gnoll is moderately wounded.
The gnoll burns!
You hit the gnoll but do no damage.
The gnoll is heavily wounded.
The gnoll burns!
The gnoll closely misses you.
You hit the gnoll.
You kill the gnoll!
No target in view!
Are you sure you want to abandon this character and quit the game? (Confirm with "yes".)

.≈≈≈≈≈≈≈≈≈≈≈≈≈≈≈≈≈≈≈....≈≈≈≈
.≈≈≈≈≈≈≈≈≈≈≈≈)≈≈≈≈≈≈....≈≈≈
............).%..$.........
####..##.##...........####
#..##.##.##...###..#
#.....g......)###.(#
#.#########...)))..# #.#
########.## ### #.#
#...@)...# #.. #.#
#.######## ######.# #.# #.#
#......# #. #.#
##########..'####
#.###...........#...#
#...^.......###.#...#
#####.####......#.... #.#
#.)###)###._ #.#
#..###.#....


There were no monsters in sight!

Vanquished Creatures
  A gnoll sergeant (D:3)
  3 orc wizards
  3 orc priests (D:3)
  A gnoll shaman (D:3)
  Ijyb (D:2)
  8 gnolls (D:3)
  5 adders
  An ooze (D:3)
  4 worms
  2 dart slugs
  2 leopard geckos (D:2)
  9 orcs
  6 bats
  7 giant cockroaches
  11 hobgoblins
  16 jackals
  2 ball pythons
  3 frilled lizards
  5 goblins
  5 kobolds
  7 rats (D:1)
102 creatures vanquished.

Notes
Turn   | Place    | Note
-------+----------+-------------------------------------------
     0 | D:1      | Alarkh the Draconian Monk began the quest for the Orb.
     0 | D:1      | Reached XP level 1. HP: 19/19 MP: 1/1
   332 | D:1      | Reached XP level 2. HP: 24/26 MP: 2/2
   748 | D:1      | Reached skill level 4 in Axes
   993 | D:2      | Noticed Ijyb
  1003 | D:2      | Reached XP level 3. HP: 27/31 MP: 3/3
  1023 | D:2      | Killed Ijyb
  1028 | D:2      | Found a shadowy altar of Dithmenos.
  1329 | D:2      | Reached skill level 5 in Axes
  1329 | D:2      | Reached XP level 4. HP: 29/38 MP: 4/4
  1360 | D:2      | Found a snail-covered altar of Cheibriados.
  2061 | D:2      | HP: 1/38 [orc wizard/magic dart (8)]
  2063 | D:2      | Reached XP level 5. HP: 2/45 MP: 5/5
  2361 | D:3      | Reached skill level 6 in Axes
  2388 | D:3      | Found a sacrificial altar of Ru.
  2397 | D:3      | Reached XP level 6. HP: 22/51 MP: 6/6
  2409 | D:3      | Reached skill level 7 in Axes
  2719 | D:3      | HP: 2/51 [gnoll sergeant/trident (5)]
  3138 | D:3      | Reached skill level 8 in Axes
  3256 | D:3      | Found a glowing silver altar of Zin.
  3301 | D:3      | Your scales start taking on a weird mottled colour.
  3301 | D:3      | Reached XP level 7. HP: 47/57 MP: 7/7
  3306 | D:3      | Quit the game

Skill      XL: |  1  2  3  4  5  6 |
---------------+-------------------+-----
Axes           | 4 5 6 8 |  8.0
Fighting       | |  3.2
Dodging        | |  2.6
Stealth        | |  1.7

Action                   |  1- 3 |  4- 6 |  7- 9 || total
-------------------------+-------+-------+-------++-------
Melee: Hand axe          |   138 |   208 |     3 ||   349
       Tailslap          |    17 |    28 |       ||    45
 Abil: Breathe Sticky Fl |       |       |     1 ||     1
Evoke: Wand              |       |     3 |       ||     3
  Use: Scroll            |     3 |     4 |       ||     7
       Potion            |     1 |     2 |       ||     3
 Stab: Sleeping          |     2 |     5 |       ||     7
  Eat: Chunk             |     2 |     6 |       ||     8
Armor: Skin              |    47 |    57 |       ||   104
Dodge: Dodged            |    83 |   135 |     2 ||   220
Block: Other             |     1 |    11 |       ||    12
